 Dungeon Sprint DCSS version 0.22-a0-75-g1fede22 (webtiles) character file.

5279 Kidiri the Fighter (level 10, -3/101 HPs)
             Began as a Minotaur Fighter on Jan 12, 2018.
             Was a High Priest of Okawaru.
             Killed from afar by a lindwurm (17 damage)
             ... with a blast of flame
             ... in the Dungeon (Sprint IX: "|||||||||||||||||||||||||||||").
             The game lasted 00:05:41 (1352 turns).

Kidiri the Fighter (Minotaur Fighter)               Turns: 1352, Time: 00:05:43

Health: -3/101     AC: 15    Str: 27    XL:     10   Next: 36%
Magic:  7/14       EV: 18    Int:  5    God:    Okawaru [*****.]
Gold:   15         SH: 16    Dex: 13    Spells: 9/9 levels left

rFire    . . .     SeeInvis .   a - +0 flail
rCold    . . .     Gourm    .   c - +0 shield
rNeg     . . .     Faith    .   s - +1 scale mail
rPois    .         Spirit   .   (helmet restricted)
rElec    .         Reflect  .   q - +0 cloak
rCorr    .         Harm     .   (no gloves)
MR       .....     NoTele   +   r - +0 pair of boots
Stlth    +.........             (no amulet)
HPRegen  0.26/turn              b - +3 ring of dexterity
MPRegen  0.14/turn              t - +3 ring of strength

@: heroism, finesse
A: retaliatory headbutt, horns 2
a: Heroism, Finesse, Renounce Religion


You were in the Dungeon.
You worshipped Okawaru.
Okawaru was extremely pleased with you.
You were hungry.

You visited 1 branch You collected 15 gold pieces.

Inventory:

Hand Weapons
 a - a +0 flail (weapon)
Armour
 c - a +0 shield (worn)
 q - a +0 cloak (worn)
 r - a +0 pair of boots (worn)
 s - a +1 scale mail (worn)
Jewellery
 b - a +3 ring of dexterity (left hand)
 t - a +3 ring of strength (right hand)
Wands
 p - a wand of acid (10)
Scrolls
 j - 2 scrolls of fog
 k - 2 scrolls of blinking
 l - 2 scrolls of enchant weapon
 n - 3 scrolls of remove curse
 o - 2 scrolls of amnesia
 u - a scroll of identify
 v - 2 scrolls of enchant armour
Potions
 d - a potion of might
 e - 5 potions of curing
 g - 4 potions of heal wounds
 h - 4 potions of haste
 i - 4 potions of magic
 m - a potion of invisibility
Comestibles
 f - a ration
 w - 16 chunks of flesh


   Skills:
 * Level 13.0(18.0) Fighting
 * Level 12.7(17.7) Maces & Flails
 + Level 7.5(12.5) Throwing
 * Level 12.9(17.9) Armour
 + Level 8.2(13.2) Dodging
 * Level 13.0(18.0) Shields
 + Level 7.2 Invocations


You had 9 spell levels left.
You didn't know any spells.

Dungeon Overview and Level Annotations

Branches:
Dungeon (1/1)

Altars:
Cheibriados
Dithmenos
Elyvilon
Fedhas
Gozag
Hepliaklqana
Kikubaaqudgha
Makhleb
Nemelex Xobeh
Okawaru
Qazlal
Ru
Sif Muna
Trog
Uskayaw
Vehumet
Wu Jian
Xom
Yredelemnul
Zin
The Shining One
Beogh
Jiyva
Lugonu


Innate Abilities, Weirdness & Mutations

You reflexively headbutt those who attack you in melee.
You have a pair of horns on your head.


Message History

You can now deal lightning-fast blows.
You block the lindwurm's attack. x2; The lindwurm completely misses you.
You feel much better. The lindwurm breathes flames at you.
The blast of flame hits you!
* * * LOW HITPOINT WARNING * * *
Unknown command.
You thump the lindwurm!
The lindwurm is almost dead.
You block the lindwurm's attack.
The lindwurm claws you but does no damage.
The lindwurm barely misses you.
You sock the lindwurm!
You kill the lindwurm!
Okawaru is honoured by your kill.
Your base Fighting skill increases to level 13!
Your base Shields skill increases to level 13!
The lindwurm breathes flames at you. The blast of flame hits you!
You die...

▓▓▓▓▓▓▓▓▓▓▓▓▓▓▓▓▓▓▓▓▓▓▓▓
......'[÷÷......@.kwwwk.
▓▓▓▓▓▓▓▓▓▓▓▓▓▓▓▓▓▓▓▓▓▓▓▓▓▓▓▓▓▓▓▓▓
.................................
▓▓▓▓▓▓▓▓▓▓▓▓▓▓▓▓▓▓▓▓▓▓▓▓▓▓▓▓▓▓▓▓▓
________________'..|)..[.(÷))....
▓▓▓▓▓▓▓▓▓▓▓▓▓▓▓▓▓▓▓▓▓▓▓▓▓▓▓▓▓▓▓▓▓


You could see 3 tyrant leeches and 2 lindwurms.

Vanquished Creatures
  A hydra (D)
  2 lindwurms (D)
  An ugly thing (D)
  An elephant (D)
  5 komodo dragons (D)
  A slime creature (D)
  A wraith (D)
  A yak (D)
  3 water moccasins (D)
  2 porcupines (D)
  A black bear (D)
  3 centaurs (D)
  3 crocodiles (D)
  A bullfrog (D)
  A scorpion (D)
  2 wights (D)
  A crimson imp (D)
  A worker ant (D)
  2 adders (D)
  2 adder skeletons (D)
  A worm (D)
  A dart slug (D)
  3 goblins (D)
  A hobgoblin (D)
  A jackal (D)
  A leopard gecko zombie (D)
43 creatures vanquished.

Notes
Turn   | Place    | Note
-------+----------+-------------------------------------------
     0 | D        | Kidiri the Minotaur Fighter began the quest for the Orb.
     0 | D        | Reached XP level 1. HP: 19/19 MP: 0/0
    18 | D        | Reached skill level 1 in Dodging
   119 | D        | Noticed a worker ant
   123 | D        | Reached skill level 1 in Throwing
   123 | D        | Reached XP level 2. HP: 25/27 MP: 1/1
   139 | D        | Reached skill level 5 in Fighting
   139 | D        | Reached skill level 5 in Armour
   139 | D        | Reached skill level 5 in Shields
   139 | D        | Reached XP level 3. HP: 19/36 MP: 2/2
   148 | D        | Found a roughly hewn altar of Beogh.
   148 | D        | Found a snail-covered altar of Cheibriados.
   148 | D        | Found a shadowy altar of Dithmenos.
   148 | D        | Found a white marble altar of Elyvilon.
   148 | D        | Found a blossoming altar of Fedhas.
   148 | D        | Found an opulent altar of Gozag.
   149 | D        | Found a hazy altar of Hepliaklqana.
   150 | D        | Found a viscous altar of Jiyva.
   151 | D        | Found an ancient bone altar of Kikubaaqudgha.
   152 | D        | Found a corrupted altar of Lugonu.
   153 | D        | Found a burning altar of Makhleb.
   154 | D        | Found a sparkling altar of Nemelex Xobeh.
   155 | D        | Found an iron altar of Okawaru.
   156 | D        | Found a stormy altar of Qazlal.
   157 | D        | Found a sacrificial altar of Ru.
   158 | D        | Found a deep blue altar of Sif Muna.
   159 | D        | Found a bloodstained altar of Trog.
   160 | D        | Found a hide-covered altar of Uskayaw.
   161 | D        | Found a radiant altar of Vehumet.
   162 | D        | Found an ornate altar of the Wu Jian Council.
   163 | D        | Became a worshipper of Warmaster Okawaru
   164 | D        | Found a shimmering altar of Xom.
   165 | D        | Found a basalt altar of Yredelemnul.
   166 | D        | Found a glowing silver altar of Zin.
   167 | D        | Found a glowing golden altar of the Shining One.
   406 | D        | Noticed a centaur
   406 | D        | Noticed a centaur
   414 | D        | Killed a centaur
   414 | D        | Reached skill level 5 in Maces & Flails
   414 | D        | Reached skill level 1 in Invocations
   414 | D        | Reached XP level 4. HP: 38/44 MP: 2/4
   419 | D        | Reached XP level 5. HP: 41/51 MP: 2/5
   422 | D        | Killed a centaur
   422 | D        | Reached * piety under Okawaru
   427 | D        | Reached XP level 6. HP: 50/60 MP: 2/7
   546 | D        | Noticed a wraith
   546 | D        | Noticed a slime creature
   546 | D        | Noticed a green ugly thing
   569 | D        | Killed a wraith
   569 | D        | Reached ** piety under Okawaru
   569 | D        | Reached XP level 7. HP: 67/69 MP: 5/9
   576 | D        | Killed a slime creature
   576 | D        | Reached skill level 5 in Dodging
   586 | D        | Killed a green ugly thing
   586 | D        | Reached *** piety under Okawaru
   586 | D        | Reached skill level 10 in Fighting
   586 | D        | Reached skill level 5 in Throwing
   586 | D        | Reached skill level 10 in Armour
   586 | D        | Reached skill level 10 in Shields
   586 | D        | Reached XP level 8. HP: 40/79 MP: 4/10
   985 | D        | Noticed a komodo dragon
   985 | D        | Noticed a komodo dragon
   989 | D        | Reached skill level 5 in Invocations
   990 | D        | Noticed a komodo dragon
   995 | D        | Noticed a komodo dragon
   997 | D        | Killed a komodo dragon
   997 | D        | Reached **** piety under Okawaru
   997 | D        | Reached skill level 10 in Maces & Flails
  1017 | D        | Killed a komodo dragon
  1017 | D        | Received a gift from Okawaru
  1017 | D        | Reached XP level 9. HP: 64/89 MP: 10/12
  1021 | D        | Killed a komodo dragon
  1025 | D        | Reached ***** piety under Okawaru
  1031 | D        | Killed a komodo dragon
  1251 | D        | Noticed a komodo dragon
  1251 | D        | Noticed a four-headed hydra
  1251 | D        | Noticed an elephant
  1271 | D        | Killed a komodo dragon
  1278 | D        | Killed a four-headed hydra
  1278 | D        | Received a gift from Okawaru
  1293 | D        | Killed an elephant
  1293 | D        | Reached XP level 10. HP: 61/99 MP: 7/14
  1330 | D        | Noticed a lindwurm
  1330 | D        | Noticed a lindwurm
  1330 | D        | Noticed a lindwurm
  1338 | D        | Killed a lindwurm
  1342 | D        | Noticed a lindwurm
  1346 | D        | HP: 2/100 [lindwurm/blast of flame (39)]
  1352 | D        | Killed a lindwurm
  1352 | D        | Killed from afar by a lindwurm

Vault maps used:
D:        linesprint

Skill      XL: |  1  2  3  4  5  6  7  8  9 10 |
---------------+-------------------------------+-----
Shields        | 4 5 6 7 8 10 11 12 13 | 13.0
Fighting       | 4 5 6 7 8 10 11 12 13 | 13.0
Maces & Flails | 3 4 5 6 7 8 9 10 12 | 12.7
Armour         | 4 5 6 7 8 10 11 12 | 12.9
Dodging        | 1 2 3 4 5 6 7 8 |  8.2
Throwing       | 1 2 3 4 5 6 7 |  7.5
Invocations    | 1 2 3 4 5 6 7 |  7.2

Action                   |  1- 3 |  4- 6 |  7- 9 | 10-12 || total
-------------------------+-------+-------+-------+-------++-------
Melee: Flail             |    42 |    30 |    98 |    27 ||   197
       Headbutt          |    12 |    10 |    33 |    10 ||    65
Invok: Heroism           |       |     2 |     5 |     1 ||     8
       Finesse           |       |       |     1 |     1 ||     2
  Use: Potion            |     1 |       |       |     3 ||     4
 Stab: Sleeping          |       |     2 |       |       ||     2
       Distracted        |       |       |     1 |       ||     1
  Eat: Chunk             |       |       |     1 |       ||     1
Armor: Scale mail        |    17 |     7 |    11 |     3 ||    38
Dodge: Dodged            |    11 |     3 |    22 |    12 ||    48
Block: Shield            |    21 |    13 |    38 |    18 ||    90

Table legend:
 A = Spawn XP
 B = Non-spawn XP
 C = Spawn XP percentage of total XP
 D = Spawn monster count
 E = Non-spawn monster count
 F = Spawn count percentage of total count
 G = Total turns spent on level
                    A         B        C        D         E        F      G
               +---------+---------+-------+---------+---------+-------+---------
         Total |       0 |    7542 |   0.0 |       0 |      43 |   0.0 |  1352
               +---------+---------+-------+---------+---------+-------+---------
             D |       0 |    7542 |   0.0 |       0 |      43 |   0.0 |  1352
               +---------+---------+-------+---------+---------+-------+---------
